 Dungeon Crawl Stone Soup version 0.21.1-1-g345015f (webtiles) character file.

1840 Kairos the Magician (level 9, 0/62 HPs)
             Began as a Gnoll Skald on Mar 24, 2018.
             Was a Follower of Sif Muna.
             Slain by an ice beast (2 damage)
             ... on level 6 of the Dungeon.
             The game lasted 00:17:54 (6119 turns).

Kairos the Magician (Gnoll Skald)                   Turns: 6119, Time: 00:17:56

Health: 0/62       AC:  9    Str: 16    XL:     9   Next: 12%
Magic:  17/18      EV: 17    Int: 16    God:    Sif Muna [*.....]
Gold:   258        SH:  0    Dex: 15    Spells: 11/20 levels left

rFire    . . .     SeeInvis .   t - +2 trident (venom)
rCold    . . .     Gourm    .   (no shield)
rNeg     . . .     Faith    .   b - +0 leather armour
rPois    .         Spirit   .   k - +1 helmet
rElec    .         Reflect  .   (no cloak)
rCorr    .         Harm     .   (no gloves)
MR       .....                  (no boots)
Stlth    ++........             (no amulet)
HPRegen  0.20/turn              o - +2 ring of protection
MPRegen  0.16/turn              (no ring)

@: singing (expiring)
A: distributed training, fangs 1, hooves 1, repulsion field 1, thin metallic
scales 1, frail 1, strong nose
a: Divine Energy, Renounce Religion


You were on level 6 of the Dungeon.
You worshipped Sif Muna.
Sif Muna was aware of your devotion.
You were not hungry.

You visited 2 branches of the dungeon, and saw 7 of its levels.

You collected 258 gold pieces.

Inventory:

Hand Weapons
 a - a +0 mace
 g - a +0 flail
 l - a +0 halberd
 t - a +2 trident of venom (weapon)
 A - a +1 flail of protection
Armour
 b - a +0 leather armour (worn)
 k - a +1 helmet (worn)
Jewellery
 o - a +2 ring of protection (left hand)
Wands
 m - a wand of iceblast (19)
 y - a wand of polymorph (2)
Scrolls
 f - 4 scrolls of remove curse
 h - a scroll of noise {unknown}
 i - a scroll of amnesia {unknown}
 p - 3 scrolls of teleportation
 q - 2 scrolls of fog
 u - a scroll of enchant armour {unknown}
 w - a scroll of enchant weapon {unknown}
 x - a scroll of blinking {unknown}
 z - a scroll of random uselessness {unknown}
 C - a scroll of fear {unknown}
Potions
 e - 2 potions of flight
 j - a potion of heal wounds
 n - a potion of cancellation
 r - a potion of lignification {unknown}
 s - a potion of ambrosia {unknown}
 v - 2 potions of resistance {unknown}
 B - a potion of mutation
Books
 c - a book of Battle

   Spells                             Type                      Level
   a - Infusion                       Charms                       1
   b - Shroud of Golubria             Charms/Translocation         2
   c - Song of Slaying                Charms                       2
   d - Spectral Weapon                Hexes/Charms                 3
   e - Regeneration                   Charms/Necromancy            3
Comestibles
 d - 12 rations


   Skills:
 + Level 6.0 Fighting
 + Level 3.8 Short Blades
 + Level 3.8 Long Blades
 + Level 3.8 Axes
 + Level 6.0 Maces & Flails
 + Level 3.8 Polearms
 + Level 3.8 Staves
 + Level 3.8 Slings
 + Level 3.8 Bows
 + Level 3.8 Crossbows
 + Level 3.8 Throwing
 + Level 4.7 Armour
 + Level 6.0 Dodging
 + Level 3.8 Stealth
 + Level 3.8 Shields
 + Level 3.8 Unarmed Combat
 + Level 6.4 Spellcasting
 + Level 3.1 Conjurations
 + Level 3.1 Hexes
 + Level 6.3 Charms
 + Level 3.1 Summonings
 + Level 3.1 Necromancy
 + Level 3.1 Translocations
 + Level 3.1 Transmutations
 + Level 3.1 Fire Magic
 + Level 3.1 Ice Magic
 + Level 3.1 Air Magic
 + Level 3.1 Earth Magic
 + Level 3.1 Poison Magic
 + Level 4.2 Invocations
 + Level 3.8 Evocations


You had 11 spell levels left.
You knew the following spells:

 Your Spells              Type           Power        Failure   Level  Hunger
a - Infusion              Chrm           ####         1%          1    None
b - Song of Slaying       Chrm           ####....     1%          2    None
c - Regeneration          Chrm/Necr      ###.......   7%          3    ##.....
d - Spectral Weapon       Hex/Chrm       ###.....     7%          3    ##.....


Dungeon Overview and Level Annotations

Branches:
Dungeon (6/15)             Temple (1/1) D:5

Altars:
Ashenzari
Cheibriados
Dithmenos
Elyvilon
Gozag
Hepliaklqana
Kikubaaqudgha
Makhleb
Nemelex Xobeh
Okawaru
Qazlal
Ru
Sif Muna
Trog
Uskayaw
Vehumet
Wu Jian
Xom
Yredelemnul
Zin
The Shining One

Shops:
D:4 [


Innate Abilities, Weirdness & Mutations

Your experience applies equally to all skills.
You have very sharp teeth.
Your uncanny sense of smell can sniff out nearby items.
You have large cloven feet.
You are surrounded by a mild repulsion field. (EV +2)
You are partially covered in thin metallic scales. (AC +2)
You are frail. (-10% HP)


Message History

You are too injured to fight recklessly!
You closely miss the ice beast. You kick the ice beast.
The ice beast is moderately wounded.
The ice beast completely misses you.
You barely miss the ice beast. Your kick misses the ice beast.
Your bite misses the ice beast.
The ice beast is moderately wounded.
The ice beast misses you.
You closely miss the ice beast.
The ice beast is moderately wounded.
The ice beast hits you. The ice beast freezes you!
* * * LOW HITPOINT WARNING * * *
You hit the ice beast but do no damage. You kick the ice beast.
The ice beast is moderately wounded.
The ice beast hits you.
* * * LOW HITPOINT WARNING * * *
The ice beast freezes you!
* * * LOW HITPOINT WARNING * * *
The ice beast hits you.
You die...

### #.# ## ###
#.####..# ..###
#........ ##..##
##).....$.
####.##
##........# ##.#
##..###....# #
#.# ##.@## ..# #
#<# ##.Y## . #
#.# ##..## # #)#
#..## ## #.##
##..# .# ##..#
#...#
.###...####...##
...............#
...............#


You could see an ice beast.

Vanquished Creatures
  Prince Ribbit (D:6)
  Sigmund (D:4)
  Edmund (D:5)
  A phantom (D:4)
  3 centaurs
  The ghost of Gurps the Conjurer, an amateur DECj (D:3)
  A gnoll sergeant (D:5)
  A big kobold (D:3)
  A bullfrog (D:6)
  A scorpion (D:5)
  3 wights (D:6)
  3 crimson imps
  A jelly (D:5)
  2 hounds (D:5)
  An orc wizard (D:3)
  A bullfrog skeleton (D:6)
  Jessica (D:3)
  Natasha (thrice) (D:3)
  A hound zombie (D:5)
  8 adders
  8 gnolls
  A shadow imp (D:5)
  An adder skeleton (D:6)
  A worm (D:3)
  3 dart slugs
  4 leopard geckos
  10 orcs
  7 giant cockroaches
  5 goblins
  11 hobgoblins
  5 kobolds
  2 quokkas
  5 bats
  5 frilled lizards
  A jackal skeleton (D:5)
  A quokka skeleton (D:4)
  11 rats
117 creatures vanquished.

Notes
Turn   | Place    | Note
-------+----------+-------------------------------------------
     0 | D:1      | Kairos the Gnoll Skald began the quest for the Orb.
     0 | D:1      | Reached XP level 1. HP: 20/20 MP: 6/6
    84 | D:1      | Reached XP level 2. HP: 26/26 MP: 1/7
   624 | D:1      | Reached XP level 3. HP: 28/31 MP: 9/9
   715 | D:2      | Reached skill level 5 in Spellcasting
   818 | D:2      | Reached skill level 1 in Invocations
   936 | D:2      | Reached skill level 1 in Short Blades
   936 | D:2      | Reached skill level 1 in Long Blades
   936 | D:2      | Reached skill level 1 in Axes
   936 | D:2      | Reached skill level 1 in Polearms
   936 | D:2      | Reached skill level 1 in Staves
   936 | D:2      | Reached skill level 1 in Slings
   936 | D:2      | Reached skill level 1 in Bows
   936 | D:2      | Reached skill level 1 in Crossbows
   936 | D:2      | Reached skill level 1 in Throwing
   936 | D:2      | Reached skill level 1 in Stealth
   936 | D:2      | Reached skill level 1 in Shields
   936 | D:2      | Reached skill level 1 in Unarmed Combat
   936 | D:2      | Reached skill level 1 in Evocations
   936 | D:2      | Reached XP level 4. HP: 15/38 MP: 7/11
  1515 | D:1      | Learned a level 2 spell: Song of Slaying
  1982 | D:2      | Reached skill level 1 in Conjurations
  1982 | D:2      | Reached skill level 1 in Hexes
  1982 | D:2      | Reached skill level 1 in Summonings
  1982 | D:2      | Reached skill level 1 in Necromancy
  1982 | D:2      | Reached skill level 1 in Translocations
  1982 | D:2      | Reached skill level 1 in Transmutations
  1982 | D:2      | Reached skill level 1 in Fire Magic
  1982 | D:2      | Reached skill level 1 in Ice Magic
  1982 | D:2      | Reached skill level 1 in Air Magic
  1982 | D:2      | Reached skill level 1 in Earth Magic
  1982 | D:2      | Reached skill level 1 in Poison Magic
  2170 | D:2      | Reached XP level 5. HP: 37/43 MP: 12/12
  2402 | D:3      | Noticed a big kobold
  2415 | D:3      | Killed a big kobold
  2494 | D:1      | Gained mutation: You expend magic power (3 MP) to strengthen your wands. [potion of mutation]
  2494 | D:1      | Gained mutation: You are agile. (Dex +2) [potion of mutation]
  2494 | D:1      | Gained mutation: You are covered in fur. (AC +1) [potion of mutation]
  2495 | D:1      | Lost mutation: You are agile. (Dex +2) [potion of mutation]
  2495 | D:1      | Lost mutation: You expend magic power (3 MP) to strengthen your wands. [potion of mutation]
  2495 | D:1      | Lost mutation: You are covered in fur. (AC +1) [potion of mutation]
  2495 | D:1      | Gained mutation: You are partially covered in thin metallic scales. (AC +2) [potion of mutation]
  2495 | D:1      | Gained mutation: You are frail. (-10% HP) [potion of mutation]
  2495 | D:1      | Gained mutation: You have large cloven feet. [potion of mutation]
  2495 | D:1      | Gained mutation: You are surrounded by a mild repulsion field. (EV +2) [potion of mutation]
  2537 | D:3      | Noticed Jessica
  2541 | D:3      | Reached XP level 6. HP: 35/45 MP: 7/13
  2548 | D:3      | Killed Jessica
  2744 | D:3      | Noticed Gurps's ghost (amateur DECj)
  3026 | D:2      | Learned a level 3 spell: Regeneration
  3030 | D:2      | Learned a level 3 spell: Spectral Weapon
  3045 | D:3      | Killed Gurps's ghost
  3045 | D:3      | Reached skill level 5 in Fighting
  3045 | D:3      | Reached skill level 5 in Maces & Flails
  3045 | D:3      | Reached skill level 5 in Dodging
  3083 | D:3      | Noticed Natasha
  3171 | D:3      | Killed Natasha
  3447 | D:3      | Noticed Natasha
  3454 | D:3      | Killed Natasha
  3469 | D:3      | Noticed Natasha
  3481 | D:3      | Killed Natasha
  3560 | D:4      | Reached XP level 7. HP: 17/50 MP: 15/15
  3877 | D:4      | Noticed Sigmund
  3957 | D:4      | Killed Sigmund
  4180 | D:4      | Found a shadowy altar of Dithmenos.
  4191 | D:4      | Found a radiant altar of Vehumet.
  4192 | D:4      | Found a stormy altar of Qazlal.
  4273 | D:4      | Found an ancient bone altar of Kikubaaqudgha.
  4314 | D:4      | Found a bloodstained altar of Trog.
  4333 | D:4      | Found Vaxuusui's Armour Emporium.
  4414 | D:5      | Entered Level 5 of the Dungeon
  4562 | D:5      | Found a staircase to the Ecumenical Temple.
  4604 | D:5      | Reached XP level 8. HP: 56/56 MP: 16/16
  4624 | Temple   | Entered the Ecumenical Temple
  4670 | Temple   | Became a worshipper of Sif Muna the Loreminder
  4686 | D:5      | Noticed Edmund
  4753 | D:5      | Killed Edmund
  5476 | D:5      | You fall through a shaft!
  5578 | D:5      | Found a burning altar of Makhleb.
  6033 | D:6      | Noticed Prince Ribbit
  6097 | D:6      | Reached * piety under Sif Muna
  6097 | D:6      | Reached XP level 9. HP: 57/62 MP: 13/18
  6114 | D:6      | Killed Prince Ribbit
  6119 | D:6      | HP: 2/62 [ice beast (10)]
  6119 | D:6      | Slain by an ice beast

Skill      XL: |  1  2  3  4  5  6  7  8  9 |
---------------+----------------------------+-----
Spellcasting   | 5 6 |  6.4
Invocations    | 1 2 3 4 |  4.2
Short Blades   | 1 2 3 |  3.8
Long Blades    | 1 2 3 |  3.8
Axes           | 1 2 3 |  3.8
Polearms       | 1 2 3 |  3.8
Staves         | 1 2 3 |  3.8
Slings         | 1 2 3 |  3.8
Bows           | 1 2 3 |  3.8
Crossbows      | 1 2 3 |  3.8
Throwing       | 1 2 3 |  3.8
Stealth        | 1 2 3 |  3.8
Shields        | 1 2 3 |  3.8
Unarmed Combat | 1 2 3 |  3.8
Evocations     | 1 2 3 |  3.8
Conjurations   | 1 2 3 |  3.1
Hexes          | 1 2 3 |  3.1
Summonings     | 1 2 3 |  3.1
Necromancy     | 1 2 3 |  3.1
Translocations | 1 2 3 |  3.1
Transmutations | 1 2 3 |  3.1
Fire Magic     | 1 2 3 |  3.1
Ice Magic      | 1 2 3 |  3.1
Air Magic      | 1 2 3 |  3.1
Earth Magic    | 1 2 3 |  3.1
Poison Magic   | 1 2 3 |  3.1
Armour         | 3 4 |  4.7
Fighting       | 5 6 |  6.0
Maces & Flails | 5 6 |  6.0
Dodging        | 5 6 |  6.0
Charms         | 6 |  6.3

Action                   |  1- 3 |  4- 6 |  7- 9 || total
-------------------------+-------+-------+-------++-------
Melee: Mace              |   101 |    89 |       ||   190
       Bite              |     5 |    16 |    20 ||    41
       Kick              |       |    26 |    56 ||    82
       Flail             |       |    68 |    36 ||   104
       Punch             |       |     1 |     3 ||     4
       Trident           |       |       |   138 ||   138
 Cast: Infusion          |     4 |     9 |     4 ||    17
       Song of Slaying   |       |     4 |     5 ||     9
       Regeneration      |       |     5 |     7 ||    12
  Use: Scroll            |       |     4 |     3 ||     7
       Potion            |       |     2 |       ||     2
 Stab: Sleeping          |     1 |     5 |     3 ||     9
  Eat: Chunk             |       |     8 |     4 ||    12
       Ration            |       |       |     2 ||     2
Armor: Leather armour    |    28 |    36 |    32 ||    96
Dodge: Dodged            |    85 |   139 |   112 ||   336
